 Dungeon Crawl Stone Soup version 0.23.2-33-g5129a83184 (webtiles) character file.

Game seed: 12260944739432567905

219 psyvane the Chopper (level 5, -2/49 HPs)
             Began as an Ogre Arcane Marksman on July 14, 2019.
             Was an Initiate of Fedhas.
             Slain by an orc priest
             ... wielding a +0 hand axe
              (3 damage)
             ... on level 5 of the Dungeon.
             The game lasted 00:09:30 (2467 turns).

psyvane the Chopper (Ogre Arcane Marksman)          Turns: 2467, Time: 00:09:32

Health: -2/49      AC:  4    Str: 15    XL:     5   Next: 96%
Magic:  6/6        EV: 10    Int: 14    God:    Fedhas [......]
Gold:   246        SH:  0    Dex:  9    Spells: 0/6 levels left

rFire    . . .     SeeInvis .   h - +2 hand axe (chop)
rCold    . . .     Gourm    .   (no shield)
rNeg     . . .     Faith    .   a - +0 robe
rPois    .         Spirit   .   (helmet restricted)
rElec    .         Reflect  .   r - +0 cloak
rCorr    .         Harm     .   (gloves unavailable)
MR       .....                  (boots unavailable)
Stlth    ++........             (no amulet)
HPRegen  0.16/turn              e - ring of stealth
MPRegen  0.10/turn              (no ring)

@: no status effects
A: large, unfitting armour, tough skin 1
a: Fungal Bloom, Renounce Religion


You were on level 5 of the Dungeon.
You worshipped Fedhas.
Fedhas was noncommittal.
You were hungry.

You visited 1 branch of the dungeon, and saw 5 of its levels.

You collected 246 gold pieces.

Inventory:

Hand Weapons
 g - a +0 club
 h - a +2 hand axe of chopping (weapon)
 o - a +2 flail of draining
Missiles
 c - a large rock (quivered)
 d - 2 throwing nets
Armour
 a - a +0 robe (worn)
 r - a +0 cloak (worn)
Jewellery
 e - a ring of stealth (left hand)
 i - an uncursed ring of protection from magic {unknown}
Scrolls
 k - 2 scrolls of blinking {unknown}
 m - 3 scrolls of teleportation
 p - a scroll of amnesia {unknown}
 q - 2 scrolls of enchant armour {unknown}
Potions
 b - 2 potions of lignification
 j - a potion of curing
 l - a potion of flight {unknown}
 n - a potion of might {unknown}
Comestibles
 f - 7 rations
 s - a chunk of flesh


   Skills:
 - Level 2.0 Fighting
 * Level 4.5 Axes
 * Level 3.3 Throwing
 - Level 1.7 Dodging
 - Level 1.2 Spellcasting
 - Level 2.6 Hexes


You couldn't memorise any spells.
You knew the following spells:

 Your Spells              Type           Power        Failure   Level  Hunger
a - Corona                Hex            #......      9%          1    ##.....
b - Slow                  Hex            #.......     13%         2    ###....
c - Portal Projectile     Hex/Tloc       #.....       41%         3    ####...

Your spell library contained the following spells:

 Spells                   Type           Power        Failure   Level  Hunger
 Inner Flame              Hex/Fire       #.......     41%         3    ####...
 Cause Fear               Hex            #.........   65%         4    #####..
 Leda's Liquefaction      Hex/Erth       #.........   83%         4    #####..


Dungeon Overview and Level Annotations

Branches:
Dungeon (5/15)
 Temple: D:4-7

Altars:
Fedhas
Hepliaklqana
Makhleb
Wu Jian


Innate Abilities, Weirdness & Mutations

You are too large for most types of armour.
You have tough skin. (AC +1)


Message History

The orc priest closely misses you.
Throwing (i - inventory. (/) - cycle)
c - 3 large rocks (quivered)
Press: ? - help, Shift-Dir - straight line, f/p - orc priest
Aim: an orc priest, wielding a +0 hand axe and wearing a +0 leather armour (almost dead)
You throw a large rock.
The large rock closely misses the orc priest.
The orc priest mumbles some strange prayers to Beogh against you.
Beogh smites you!
* * * LOW HITPOINT WARNING * * *
The orc priest misses you.
Throwing (i - inventory. (/) - cycle)
c - 2 large rocks (quivered)
Press: ? - help, Shift-Dir - straight line, f/p - orc priest
Aim: an orc priest, wielding a +0 hand axe and wearing a +0 leather armour (almost dead)
You throw a large rock.
The large rock barely misses the orc priest.
The orc priest hits you with a +0 hand axe.
* * * LOW HITPOINT WARNING * * *
The orc priest hits you with a +0 hand axe.
You die...
Fedhas appreciates your contribution to the ecosystem. ##### +@o(# ###.# #

You could see an orc priest.

Vanquished Creatures
  A hound (D:4)
  Terence (D:3)
  A worker ant (D:4)
  A howler monkey zombie (D:4)
  6 adders
  2 worms
  2 dart slugs (D:3)
  2 leopard geckos (D:3)
  An orc (D:3)
  2 ball pythons
  8 bats
  5 giant cockroaches
  5 goblins
  6 hobgoblins
  5 jackals
  3 quokkas
  4 frilled lizards
  4 kobolds
  9 rats
68 creatures vanquished.

Notes
Turn   | Place    | Note
-------+----------+-------------------------------------------
     0 | D:1      | psyvane the Ogre Arcane Marksman began the quest for the
                  | Orb.
     0 | D:1      | Reached XP level 1. HP: 19/19 MP: 2/2
   246 | D:1      | Reached XP level 2. HP: 23/28 MP: 3/3
   250 | D:1      | Learned a level 2 spell: Slow
   268 | D:1      | Reached skill level 1 in Axes
   728 | D:2      | Reached XP level 3. HP: 32/35 MP: 0/4
   772 | D:2      | Found a blossoming altar of Fedhas.
   782 | D:2      | Became a worshipper of Fedhas Madash
   871 | D:2      | Reached skill level 2 in Axes
  1043 | D:2      | Found a burning altar of Makhleb.
  1044 | D:2      | Found a hazy altar of Hepliaklqana.
  1045 | D:2      | Reached XP level 4. HP: 42/42 MP: 5/5
  1152 | D:2      | Found an ornate altar of the Wu Jian Council.
  1156 | D:2      | Found a transporter.
  1167 | D:2      | Found a transporter.
  1460 | D:3      | Noticed Terence
  1463 | D:3      | Killed Terence
  1463 | D:3      | Reached skill level 3 in Axes
  1772 | D:3      | Reached XP level 5. HP: 43/49 MP: 6/6
  2369 | D:4      | Reached skill level 4 in Axes
  2374 | D:4      | Learned a level 3 spell: Portal Projectile
  2461 | D:5      | Entered Level 5 of the Dungeon
  2467 | D:5      | HP: 1/49 [orc priest/+0 hand axe (5)]
  2467 | D:5      | Slain by an orc priest

Skill      XL: |  1  2  3  4  5 |
---------------+----------------+-----
Fighting       | 2 |  2.0
Axes           | 1 2 3 4 |  4.5
Throwing       | 3 |  3.3
Dodging        | |  1.7
Spellcasting   | |  1.2
Hexes          | |  2.6

Action                   |  1- 3 |  4- 6 || total
-------------------------+-------+-------++-------
Melee: Unarmed           |    16 |       ||    16
       Hand axe          |    67 |    97 ||   164
Throw: Large rock        |       |    11 ||    11
 Cast: Corona            |     3 |     2 ||     5
       Slow              |     1 |     3 ||     4
  Use: Scroll            |     5 |     1 ||     6
       Potion            |       |     1 ||     1
 Stab: Sleeping          |     6 |     6 ||    12
       Distracted        |       |     1 ||     1
  Eat: Chunk             |     1 |     4 ||     5
Armor: Robe              |    17 |    45 ||    62
Dodge: Dodged            |    45 |    71 ||   116
